 Dungeon Crawl Stone Soup version 0.18-a0-1577-gf591c28 (webtiles) character file.

11 Duffy the Ruffian (level 2, 29/29 HPs)
             Began as a Troll Monk on Mar 21, 2016.
             Quit the game on level 1 of the Dungeon.
             The game lasted 00:00:48 (428 turns).

Duffy the Ruffian (Troll Monk)                       Turns: 428, Time: 00:00:49

Health: 29/29      AC:  6    Str: 18    XL:     2   Next: 17%
Magic:  1/1        EV: 10    Int:  6    God:
Gold:   37         SH:  0    Dex: 12    Spells: 0 memorised, 1 level left

rFire  . . .     SeeInvis .       - Unarmed
rCold  . . .     Gourm    +     a - +1 robe
rNeg   . . .     Faith    .     (no shield)
rPois  .         Spirit   .     (helmet restricted)
rElec  .         Dismiss  .     (no cloak)
rCorr  .         Reflect  .     (gloves unavailable)
SustAt .         Harm     .     (boots unavailable)
MR     .....     Rnd*Tele +     (no amulet)
Stlth  +.........               (no ring)
                                k - ring of teleportation (curse)

@: not resistant to hostile enchantments, very unstealthy
A: unfitting armour, claws 3, fast metabolism 3, gourmand, regeneration 2,
shaggy fur 1, tough skin 2
a: no special abilities


You were on level 1 of the Dungeon.
You were very full.

You visited 1 branch of the dungeon, and saw 1 of its levels.

You collected 37 gold pieces.


Innate Abilities, Weirdness & Mutations

You are too large for most types of armour.
You have claws for hands.
Your metabolism is lightning-fast.
You like to eat raw meat.
You heal very quickly.
You are covered in fur (AC +1).
You have very tough skin (AC +2).


   Skills:
 - Level 2.4 Fighting
 - Level 2.4 Dodging
 - Level 1.1 Stealth
 + Level 4.5 Unarmed Combat


You had one spell level left.
You didn't know any spells.

Inventory:

Missiles
 g - 7 javelins (quivered)
 i - 16 poisoned needles
Armour
 a - a +1 robe (worn)
Jewellery
 k - a cursed ring of teleportation (left claw)
Potions
 f - a potion of heal wounds {unknown}
 h - a potion of brilliance {unknown}
 j - a potion of curing {unknown}
Comestibles
 b - 2 bread rations

Dungeon Overview and Level Annotations

Branches:
Dungeon (1/15)

Altars:


Message History

You continue eating. x2
Found a scale mail.
j - a black potion
k - a twisted cabochon ring You now have 37 gold pieces (gained 10).
You see here a scale mail.
Things that are here:
a club; a hobgoblin skeleton You see here a dagger.
Found a stone staircase leading down.
Put on which piece of jewellery? (? for menu, Esc to quit)
You feel slightly jumpy.
Oops, that ring feels deathly cold.
k - a cursed ring of teleportation (left claw)
l - a scroll labeled CAZXASS SILYAN You see here a robe.
Found a mace.
Read which item? (? for menu, Esc to quit)
As you read the scroll labeled PIQOQ LOPP, it crumbles to dust.
The scroll dissolves into smoke.
It was a scroll of fog.
Read which item? (? for menu, Esc to quit)
As you read the scroll labeled XOYKUILLAKKE, it crumbles to dust.
You feel aware of your surroundings.
It was a scroll of magic mapping.
Read which item? (? for menu, Esc to quit)
As you read the scroll of fog, it crumbles to dust.
The scroll dissolves into smoke.
Read which item? (? for menu, Esc to quit)
As you read the scroll labeled JIX XUYLUM, it crumbles to dust.
It is a scroll of enchant armour.
Enchant which item? (? for menu, Esc to quit)
Your +0 robe glows green for a moment.
Read which item? (? for menu, Esc to quit)
As you read the scroll labeled CAZXASS SILYAN, it crumbles to dust.
The air around you briefly surges with heat, but it dissipates.
It was a scroll of immolation.
Are you sure you want to abandon this character and quit the game? (Confirm with "yes".)

******** ,,,,,,,* ### ##
******,** #####.#######. *
**,,,** #....#........
****,***,****** #.#.###.##..##
,,,,,* *,,,,,,######..## ##...#..
****,***,***#.#0@000.>.###..)###.
*****,,,,).....00000....#.###.#.#
,,,,,,,,,.....000##.####.####..##
******,,*.##.##0.##.# ###.....#
******,,*,*#,*#..##.# #.###)##
,,,,,,,,*,**,*#..##.# #.# #...
*******,*,**,*...##.# #.###.## *
*,*,**,#...##.# #.....## *
*,*,**,*,,,*#.# ###.###.


There were no monsters in sight!

Action                   || total
-------------------------++-------
Melee: Unarmed           ||    17
  Use: Scroll            ||     5
 Stab: Sleeping          ||     1
  Eat: Chunk             ||     8

Notes
Turn   | Place    | Note
--------------------------------------------------------------
     0 | D:1      | Duffy the Troll Monk began the quest for the Orb.
     0 | D:1      | Reached XP level 1. HP: 22/22 MP: 0/0
   204 | D:1      | Reached XP level 2. HP: 29/29 MP: 1/1
   428 | D:1      | Quit the game

Vault maps used:
D:1:      shiori_arrival_elements

Vanquished Creatures
  2 goblins
  3 hobgoblins
  3 jackals
  A bat
  A kobold
  A rat
11 creatures vanquished.
